 Dungeon Crawl Stone Soup version 0.29-a0-459-g97dee8cd24 (webtiles) character file.

Game seed: 4776175996646598539

28 xian the Chiller (level 2, 0/19 HPs)
             Began as a Demonspawn Ice Elementalist on May 20, 2022.
             Slain by a ball python (1 damage)
             ... on level 1 of the Dungeon.
             The game lasted 00:04:49 (761 turns).

xian the Chiller (Demonspawn Ice Elementalist)       Turns: 761, Time: 00:04:49

Health: 0/19       AC:  2    Str:  8    XL:     2   Next: 96%
Magic:  1/5        EV:  9    Int: 16    God:
Gold:   16         SH:  0    Dex: 13    Spells: 4/5 levels left

rFire   . . .      SeeInvis .   c - +0 club
rCold   . . .      Faith    .   (no shield)
rNeg    . . .      Spirit   .   a - +0 robe
rPois   .          Reflect  .   (no helmet)
rElec   .          Harm     .   (no cloak)
rCorr   .          Rampage  .   (no gloves)
Will    .....                   (no boots)
Stlth   ++........              (no amulet)
HPRegen 0.06/turn               f - +4 ring of slaying
MPRegen 0.09/turn               (no ring)

@: constricted
A: demonic guardian 1
a: no special abilities


You were on level 1 of the Dungeon.
You visited 1 branch of the dungeon, and saw 1 of its levels.

You collected 16 gold pieces.

Inventory:

Hand Weapons
 c - a +0 club (weapon)
Missiles
 k - 6 poisoned darts
Armour
 a - a +0 robe (worn)
Jewellery
 f - a +4 ring of slaying (left hand)
Potions
 b - a potion of magic
 d - a potion of curing {unknown}
 e - a potion of mutation {unknown}
 g - a potion of invisibility {unknown}
 h - a potion of berserk rage {unknown}
 i - 2 potions of might {unknown}
 j - a potion of ambrosia {unknown}


   Skills:
 + Level 0.1 Maces & Flails
 + Level 1.8 Dodging
 + Level 1.9 Stealth
 + Level 0.2 Unarmed Combat
 + Level 2.3 Spellcasting
 + Level 4.1 Ice Magic


You had 4 spell levels left.
You knew the following spells:

 Your Spells              Type           Power      Damage    Failure   Level
a - Freeze                Ice            60%        1d8       3%          1

Your spell library contained the following spells:

 Spells                   Type           Power      Damage    Failure   Level
 Frozen Ramparts          Ice            30%        1d5       11%         3
 Ozocubu's Armour         Ice            15%        N/A       11%         3
 Hailstorm                Conj/Ice       8%         3d4       65%         4


Dungeon Overview and Level Annotations

Branches:
Dungeon (1/15)

Altars:

Shops:
D:1 (


Innate Abilities, Weirdness & Mutations

A weak demonic guardian rushes to your aid.


Message History

The ball python bites you.
* * * LOW HITPOINT WARNING * * *
The jackal barely misses you.
The ball python attacks as you move away!
The ball python bites you.
* * * LOW HITPOINT WARNING * * *
The ball python closely misses you. The jackal bites you.
* * * LOW HITPOINT WARNING * * *
A demonic guardian appears!
There is a stone staircase leading down here.
The ball python attacks as you move away!
The ball python barely misses you. The ball python closely misses you.
The jackal closely misses your ufetubus.
Your ufetubus closely misses the ball python.
Your ufetubus hits the ball python. The jackal misses your ufetubus.
The ball python closely misses you. x2; Your ufetubus misses the ball python.
Your ufetubus hits the ball python.
The ball python dies!
The jackal completely misses your ufetubus.
Your ufetubus hits the ball python.
Your ufetubus barely misses the ball python.
The jackal closely misses your ufetubus.
Your ufetubus closely misses the ball python.
Your ufetubus barely misses the ball python.
The jackal bites your ufetubus.
Your ufetubus hits the jackal but does no damage.
Your ufetubus closely misses the jackal.
You closely miss the ball python.
The ball python is severely wounded.
The jackal barely misses your ufetubus.
Your ufetubus barely misses the jackal.
Your ufetubus hits the jackal. The ball python barely misses you.
The ball python grabs you. The ball python constricts you.
* * * LOW HITPOINT WARNING * * *
Unknown command.
You completely miss the ball python.
The ball python is severely wounded.
Your ufetubus hits the jackal.
The jackal dies!
The ball python bites you.
You die...

###.# #.........
..#.# +.....####
#.#.# #+#...###
#.#.#.####...#..#
#.#.#....†...#....#
#.#.#h†............#
#...r5##########.....
#...S......# #.....
#...@......# #...).
#.....†....# #.....
#..........#####.....
#.####........##.##..
... #........##.##..
##.. ####.....##.###.
#. #............
#......##...†
#......##....


You could see a jackal, a ball python, a rat and a friendly ufetubus (summoned).

Vanquished Creatures
  A dart slug (D:1)
  3 ball pythons (D:1)
  3 endoplasms (D:1)
  2 giant cockroaches (D:1)
  2 goblins (D:1)
  3 hobgoblins (D:1)
  2 quokkas (D:1)
  A bat (D:1)
  2 frilled lizards (D:1)
  A kobold (D:1)
  2 rats (D:1)
22 creatures vanquished.

Vanquished Creatures (collateral kills)
  A ball python (D:1)
  A jackal (D:1)
2 creatures vanquished.

Grand Total: 24 creatures vanquished

Notes
Turn   | Place    | Note
-------+----------+-------------------------------------------
     0 | D:1      | xian the Demonspawn Ice Elementalist began the quest for
                  | the Orb.
     0 | D:1      | Reached XP level 1. HP: 13/13 MP: 3/3
   209 | D:1      | Reached skill level 4 in Ice Magic
   209 | D:1      | Gained mutation: A weak demonic guardian rushes to your
                  | aid. [demonic ancestry]
   209 | D:1      | Reached XP level 2. HP: 13/19 MP: 1/5
   538 | D:1      | Found Nyanei's Weapon Shop.
   761 | D:1      | Slain by a ball python

Illustrated notes

Levels and vault maps discovered:
D:1:      psy_arrival_dodecagon, layout_basic, serial_shops,
          nicolae_shop_bloodbath_and_beyond, nicolae_shop_hallway_plus,
          nicolae_shop_behind_doors, minmay_misc_feat_more_columns,
          st_stairs_11, skrybe_limestone_x

Skill      XL: |  1 |
---------------+----+-----
Ice Magic      | 4 |  4.1
Maces & Flails | |  0.1
Dodging        | |  1.8
Stealth        | |  1.9
Unarmed Combat | |  0.2
Spellcasting   | |  2.3

Action                   || total
-------------------------++-------
Melee: Unarmed           ||    10
       Club              ||    19
 Cast: Freeze            ||    29
Armor: Robe              ||    14
Dodge: Dodged            ||    64

Table legend: (Time is in decaauts)
 A = Elapsed time spent in this place.
 B = Non-inter-level travel time spent in this place.
 C = Inter-level travel time spent in this place.
 D = Time resting spent in this place.
 E = Time spent auto-exploring this place.
 F = Levels seen in this place.
 G = Mean time per level.
                   A        B        C        D        E       F      G
               +--------+--------+--------+--------+--------+-----+--------+
         Total |    765 |    765 |      0 |    243 |    281 |   1 |  765.0 |
       Dungeon |    765 |    765 |      0 |    243 |    281 |   1 |  765.0 |
               +--------+--------+--------+--------+--------+-----+--------+

Top non-repeatable levels by time:
     D:1: 765 daAuts
